AoeStats
← Shawn96

MegaRandom

508579004Analyzed
4v4 RM · 9d ago on Sep 23, 2026· 51m 51s· 8 players
Game mode
Random Map
Map size
Large (8 player)
Population
200
Speed
Normal
Resources
Standard
Victory
Conquest
Starting age
Dark Age
Ending age
Imperial Age
RankedLock teamsTeams togetherTeam positionsShared explorationLock speedFull tech treeHidden civsTurbo modeCheats
Victory
Defeat
🇭🇰 Byzantines · Hong Kong SAR China
1472
+12
🇨🇳 Saxons · China
1460
+12
🇨🇳 Danes · China
1458
+12
🇨🇳 Varangians · China
1440
+13
🇺🇸 Vietnamese · United States
1408
-13
🇺🇸 Saxons · United States
1408
-14
🇵🇪 Persians · Peru
1407
-14
🇨🇦 Huns · Canada
1267
-8
Ice2207
11:12 Loom
13:33 Feudal Age
16:15 Double-Bit Axe
22:20 Horse Collar
23:19 Wheelbarrow
26:06 Castle Age
24:42 Fletching
27:02 Padded Archer Armor
26:59 Bodkin Arrow
26:26 Crossbowman
31:52 Bow Saw
42:00 Hand Cart
41:31 Town Watch
41:56 Heavy Plow
43:18 Elite Skirmisher
45:20 Ballistics
51:11 Leather Archer Armor
Shawn96
11:11 Feudal Age
11:50 Double-Bit Axe
13:14 Horse Collar
15:13 Forging
15:50 Loom
19:42 Wheelbarrow
23:27 Castle Age
21:55 Fletching
22:05 Padded Archer Armor
23:15 Bloodlines
23:14 Gold Mining
24:10 Bodkin Arrow
24:49 Heavy Plow
25:02 Bow Saw
26:00 Gold Shaft Mining
25:50 Husbandry
29:30 Leather Archer Armor
30:37 Thumb Ring
30:55 Ballistics
32:00 Thumb Ring
32:57 Leather Archer Armor
32:56 Masonry
37:39 Caravan
43:23 Imperial Age
40:41 Town Watch
41:47 Coinage
41:59 Scale Barding Armor
42:30 Iron Casting
42:39 Light Cavalry
43:41 Chain Barding Armor
44:07 Bracer
45:57 Chemistry
45:53 Parthian Tactics
46:52 Scale Mail Armor
47:52 Blast Furnace
47:28 Plate Barding Armor
46:58 Pikeman
47:39 Squires
48:17 Chain Mail Armor
MGmoney28
6:07 Loom
13:17 Feudal Age
13:46 Double-Bit Axe
13:43 Horse Collar
20:00 Bloodlines
21:37 Fletching
24:30 Castle Age
22:52 Gold Mining
24:15 Padded Archer Armor
25:13 Bodkin Arrow
26:38 Leather Archer Armor
27:15 Bow Saw
27:39 Thumb Ring
28:18 Ballistics
32:15 Scale Barding Armor
34:59 Heavy Plow
36:52 Husbandry
36:39 Light Cavalry
37:50 Forging
37:43 Town Watch
42:37 Chain Barding Armor
49:37 Imperial Age
48:11 Wheelbarrow
50:59 Bracer
DarkOrsted
10:29 Loom
12:15 Feudal Age
13:42 Double-Bit Axe
14:36 Horse Collar
16:05 Wheelbarrow
24:09 Castle Age
22:53 Bloodlines
24:05 Forging
25:45 Scale Barding Armor
25:33 Town Watch
27:10 Fletching
31:44 Bow Saw
31:05 Light Cavalry
31:46 Husbandry
33:44 Caravan
34:32 Hand Cart
34:09 Gold Mining
35:22 Chain Barding Armor
36:11 Iron Casting
37:41 Town Patrol
37:42 Heavy Plow
38:19 Gold Shaft Mining
46:14 Imperial Age
45:53 Hussar
47:24 Plate Barding Armor
48:44 Blast Furnace
51:36 Crop Rotation
jardan1234
11:38 Loom
14:06 Feudal Age
18:59 Castle Age
18:23 Horse Collar
25:12 Squires
25:45 Scale Mail Armor
26:46 Pikeman
29:13 Wheelbarrow
29:30 Double-Bit Axe
30:31 Fletching
30:58 Chain Mail Armor
31:44 Padded Archer Armor
31:31 Elite Skirmisher
37:57 Bodkin Arrow
39:57 Bow Saw
40:20 Caravan
42:43 Leather Archer Armor
47:07 Imperial Age
44:54 Hand Cart
47:12 Forging
47:25 Ballistics
47:11 Thumb Ring
49:39 Two-Man Saw
49:53 Chemistry
48:55 Bracer
50:12 Heavy Plow
51:46 Plate Mail Armor
51:33 Halberdier
Prigozhin
8:09 Loom
20:08 Feudal Age
23:59 Castle Age
23:04 Double-Bit Axe
24:19 Fletching
24:30 Horse Collar
25:04 Bow Saw
25:11 Elite Skirmisher
27:28 Bodkin Arrow
30:06 Wheelbarrow
30:40 Pikeman
31:21 Squires
31:06 Arson
31:55 Ballistics
31:45 Padded Archer Armor
35:27 Scale Mail Armor
35:37 Forging
35:44 Leather Archer Armor
35:29 Scale Mail Armor
35:39 Forging
41:27 Imperial Age
41:08 Chain Mail Armor
41:03 Forging
42:17 Bracer
42:49 Ring Archer Armor
42:27 Halberdier
43:21 Gold Mining
43:38 Town Watch
44:33 Forging
46:05 Two-Man Saw
46:17 Hand Cart
47:17 Chemistry
46:54 Heavy Plow
48:37 Plate Mail Armor
48:42 Iron Casting
49:35 Thumb Ring
50:08 Iron Casting
52:25 Town Patrol
i'm a pupil
12:46 Loom
14:52 Feudal Age
19:40 Castle Age
17:39 Double-Bit Axe
18:45 Horse Collar
26:28 Pikeman
27:43 Squires
28:46 Wheelbarrow
29:09 Scale Mail Armor
30:35 Chain Mail Armor
30:52 Gambesons
30:53 Arson
32:25 Hand Cart
32:42 Heavy Plow
32:38 Gold Mining
34:33 Gold Shaft Mining
33:54 Town Watch
34:45 Stone Mining
35:07 Bow Saw
40:00 Imperial Age
38:59 Forging
40:16 Iron Casting
40:06 Halberdier
42:41 Plate Mail Armor
43:01 Stone Mining
44:53 Blast Furnace
44:20 Conscription
44:51 Capped Ram
45:47 Hamask
50:00 Siege Ram
50:27 Elite Jomsviking
02287
11:36 Loom
15:18 Feudal Age
16:11 Horse Collar
16:23 Double-Bit Axe
22:38 Wheelbarrow
23:03 Bloodlines
25:22 Forging
29:26 Castle Age
28:15 Scale Barding Armor
29:39 Light Cavalry
30:20 Husbandry
31:00 Chain Barding Armor
32:39 Bow Saw
35:05 Iron Casting
34:59 Heavy Plow
39:01 Hand Cart
42:45 Imperial Age
41:18 Gold Mining
42:26 Caravan
44:06 Plate Barding Armor
46:00 Blast Furnace
46:59 Hussar
Connection lost

Rejoining the realm…

Still unreachable

The connection could not be restored.

Session expired

The server has moved on; the page needs a fresh start.